 Dungeon Crawl Stone Soup version 0.21.1-1-g345015f (webtiles) character file.

499 ZaListios the Slasher (level 6, -3/55 HPs)
             Began as a Minotaur Fighter on July 1, 2018.
             Was an Initiate of Ru.
             Killed by divine providence
             ... invoked by an orc priest
              (13 damage)
             ... on level 5 of the Dungeon.
             The game lasted 00:31:42 (3174 turns).

ZaListios the Slasher (Minotaur Fighter)            Turns: 3174, Time: 00:31:43

Health: -3/55      AC:  7    Str: 21    XL:     6   Next: 94%
Magic:  5/5        EV:  8    Int:  7    God:    Ru [......]
Gold:   162        SH:  9    Dex:  9    Spells: 5/5 levels left

rFire    . . .     SeeInvis .   a - +0 long sword
rCold    . . .     Gourm    .   c - +0 shield
rNeg     . . .     Faith    .   b - +0 scale mail
rPois    +         Spirit   .   (helmet restricted)
rElec    .         Reflect  .   (no cloak)
rCorr    .         Harm     .   (no gloves)
MR       .....                  (no boots)
Stlth    ..........             (no amulet)
HPRegen  0.18/turn              m - ring of poison resistance
MPRegen  0.09/turn              (no ring)

@: no status effects
A: retaliatory headbutt, horns 2
a: Renounce Religion


You were on level 5 of the Dungeon.
You worshipped Ru.
Ru was noncommittal.
You were not hungry.

You visited 2 branches of the dungeon, and saw 6 of its levels.

You collected 162 gold pieces.

Inventory:

Hand Weapons
 a - a +0 long sword (weapon)
Armour
 b - a +0 scale mail (worn)
 c - a +0 shield (worn)
Magical Staves
 r - an uncursed staff of poison {unknown}
Jewellery
 m - a ring of poison resistance (left hand)
Wands
 h - a wand of polymorph (10)
Scrolls
 g - a scroll of magic mapping
 i - 2 scrolls of identify
 n - 2 scrolls of enchant weapon {unknown}
 s - a scroll of teleportation {unknown}
Potions
 e - a potion of heal wounds
 j - a potion of degeneration {unknown}
 k - a potion of berserk rage {unknown}
 l - a potion of invisibility {unknown}
 q - 2 potions of flight {unknown}
Books
 d - a book of Minor Magic

   Spells                             Type                      Level
   a - Magic Dart                     Conjuration                  1
   b - Blink                          Translocation                2
   c - Call Imp                       Summoning                    2
   d - Slow                           Hexes                        2
   e - Conjure Flame                  Conjuration/Fire             3
   f - Mephitic Cloud                 Conjuration/Poison/Air       3
 o - a book of Misfortune

   Spells                             Type                      Level
   a - Confusing Touch                Hexes                        1
   b - Confuse                        Hexes                        3
   c - Gell's Gravitas                Translocation                3
   d - Petrify                        Transmutation/Earth          4
   e - Metabolic Englaciation         Hexes/Ice                    5
   f - Yara's Violent Unravelling     Hexes/Transmutation          5
Comestibles
 f - 7 rations


   Skills:
 * Level 4.9 Fighting
 * Level 6.0 Long Blades
 * Level 5.6 Armour
 + Level 1.3 Dodging
 + Level 4.9 Shields


You had 5 spell levels left.
You didn't know any spells.

Dungeon Overview and Level Annotations

Branches:
Dungeon (5/15)             Temple (1/1) D:5

Altars:
Ashenzari
Cheibriados
Elyvilon
Fedhas
Gozag
Hepliaklqana
Nemelex Xobeh
Okawaru
Qazlal
Ru
Sif Muna
Trog
Uskayaw
Vehumet
Zin
The Shining One


Innate Abilities, Weirdness & Mutations

You reflexively headbutt those who attack you in melee.
You have a pair of horns on your head.


Message History

The orc priest shouts!
The orc priest invokes the aid of Beogh against you.
Beogh smites you!
A shadow imp comes into view.
Found 8 gold pieces.
You closely miss the orc priest. Your headbutt misses the orc priest.
The shadow imp gestures at you. Pain shoots through your body!
The orc priest barely misses you. You furiously retaliate!
You headbutt the orc priest, but do no damage.
An ooze comes into view.
The orc priest mumbles some strange prayers to Beogh against you.
Beogh smites you!
The orc priest mumbles some strange prayers to Beogh against you.
Beogh smites you!
* * * LOW HITPOINT WARNING * * *
The orc priest looks encouraged for a moment.
The orc priest calls down the wrath of Beogh upon you.
Beogh smites you!
You die...

#.#'#.#.###....#
#.....#........+
###'#######5J..#
#.........#o####
#.#######.#.#
#.#....<#.#o#
#.#.......#.#
#.#########o#
#....@.o.o..#
#############


You could see 3 orc priests.

Vanquished Creatures
  The ghost of sking99 the Changer, an amateur VSTm (D:3)
  A scorpion (D:4)
  A crimson imp (D:2)
  A hound (D:4)
  2 orc wizards
  2 worker ants (D:4)
  4 gnolls (D:4)
  5 adders
  2 oozes (D:3)
  An adder skeleton (D:4)
  2 worms
  2 dart slugs
  2 leopard geckos (D:3)
  6 orcs
  4 giant cockroaches
  9 goblins
  8 hobgoblins
  2 jackals (D:1)
  A quokka (D:4)
  2 ball pythons
  5 bats
  5 frilled lizards
  6 kobolds
  8 rats
82 creatures vanquished.

Notes
Turn   | Place    | Note
-------+----------+-------------------------------------------
     0 | D:1      | ZaListios the Minotaur Fighter began the quest for the Orb.
     0 | D:1      | Reached XP level 1. HP: 19/19 MP: 0/0
   101 | D:1      | Reached XP level 2. HP: 27/27 MP: 1/1
   437 | D:2      | Reached skill level 3 in Long Blades
   437 | D:2      | Reached XP level 3. HP: 29/33 MP: 2/2
   545 | D:2      | Reached XP level 4. HP: 40/40 MP: 3/3
   860 | D:3      | Noticed sking99's ghost (amateur VSTm)
   885 | D:3      | Killed sking99's ghost
   885 | D:3      | Reached skill level 4 in Long Blades
   885 | D:3      | Reached XP level 5. HP: 15/47 MP: 4/4
  1241 | D:3      | Reached skill level 1 in Dodging
  1278 | D:3      | Reached skill level 5 in Long Blades
  1278 | D:3      | Reached skill level 5 in Armour
  1369 | D:3      | Reached XP level 6. HP: 41/53 MP: 5/5
  2283 | D:4      | Found an opulent altar of Gozag.
  2651 | D:4      | Reached skill level 6 in Long Blades
  2768 | D:5      | Entered Level 5 of the Dungeon
  2782 | D:5      | Found a staircase to the Ecumenical Temple.
  2786 | Temple   | Entered the Ecumenical Temple
  3105 | Temple   | Became a worshipper of Ru the Awakened
  3174 | D:5      | Killed from afar by an orc priest

Skill      XL: |  1  2  3  4  5  6 |
---------------+-------------------+-----
Shields        | 4 |  4.9
Armour         | 4 5 |  5.6
Fighting       | 4 |  4.9
Long Blades    | 3 4 5 6 |  6.0
Dodging        | 1 |  1.3

Action                   |  1- 3 |  4- 6 || total
-------------------------+-------+-------++-------
Melee: Long sword        |    52 |   167 ||   219
       Headbutt          |    10 |    22 ||    32
  Use: Scroll            |       |     9 ||     9
       Potion            |       |     2 ||     2
  Eat: Ration            |       |     2 ||     2
       Chunk             |       |     2 ||     2
Armor: Scale mail        |    19 |    79 ||    98
Dodge: Dodged            |    26 |    56 ||    82
Block: Shield            |    32 |   111 ||   143
       Rpst.: Long sword |     7 |     7 ||    14
